 Dungeon Crawl Stone Soup version 0.26-a0-639-g72c4674329 (webtiles) character file.

Game seed: 9021702764984605215

8782 Flugslaktarn the Cleaver (level 11, -1/106 HPs)
             Began as a Deep Dwarf Fighter on Sept 24, 2020.
             Was an Elder of Makhleb.
             Slain by Rupert
             ... wielding a +5 great sword of electrocution
              (13 damage)
             ... on level 12 of the Dungeon.
             The game lasted 00:05:06 (6157 turns).

Flugslaktarn the Cleaver (Deep Dwarf Fighter)       Turns: 6157, Time: 00:05:06

Health: -1/106     AC: 14    Str: 24    XL:     11   Next: 14%
Magic:  6/6        EV:  3    Int:  8    God:    Makhleb [****..]
Gold:   675        SH: 29    Dex:  9    Spells: 10/10 levels left

rFire    . . .     SeeInvis .   v - +0 hand axe (elec)
rCold    . . .     Faith    .   q - +8 tower shield "Earthly Heaven" {Harm rN++ Dex-3 Stlth+}
rNeg     + + .     Spirit   .   l - +0 plate armour
rPois    +         Reflect  +   (no helmet)
rElec    .         Harm     +   (no cloak)
rCorr    .         Rampage  .   k - +0 pair of gloves
MR       .....                  (no boots)
Stlth    ..........             g - amulet of reflection
HPRegen  0.00/turn              o - ring of poison resistance
MPRegen  0.10/turn              (no ring)

@: vulnerable, non-regenerating
A: damage resistance, heal wounds, sense surroundings 2, no regeneration
a: Heal Wounds, Minor Destruction, Lesser Servant of Makhleb, Major Destruction,
Renounce Religion


You were on level 12 of the Dungeon.
You worshipped Makhleb.
Makhleb was greatly pleased with you.
You visited 2 branches of the dungeon, and saw 13 of its levels.
You also visited: Bailey.

You collected 675 gold pieces.

Inventory:

Hand Weapons
 a - a +1 war axe
 v - a +0 hand axe of electrocution (weapon)
   (You took it off an orc on level 9 of the Dungeon)
Missiles
 j - a throwing net (quivered)
Armour
 b - a +0 scale mail
 c - a +0 kite shield
 k - a +0 pair of gloves (worn)
   (You found it on level 5 of the Dungeon)
 l - a +0 plate armour (worn)
   (You found it on level 5 of the Dungeon)
 q - the +8 tower shield "Earthly Heaven" (worn) {Harm rN++ Dex-3 Stlth+}
   (You found it in a bailey)

   It affects your dexterity (-3).
   It greatly protects you from negative energy.
   It increases damage dealt and taken.
   It makes you more stealthy.
Jewellery
 g - an amulet of reflection (around neck)
   (You found it on level 3 of the Dungeon)
 o - a ring of poison resistance (left hand)
   (You found it on level 4 of the Dungeon)
Wands
 u - a wand of paralysis (8)
   (You took it off a centaur on level 8 of the Dungeon)
 y - a wand of enslavement (7)
   (You found it on level 10 of the Dungeon)
Scrolls
 f - 2 scrolls of enchant armour
 n - a scroll of magic mapping
 p - a scroll of enchant weapon
 r - 3 scrolls of identify
 t - 2 scrolls of teleportation
 w - a scroll of fog {unknown}
 x - 6 scrolls of remove curse
Potions
 d - a potion of might
 e - 3 potions of brilliance {unknown}
 h - a potion of haste {unknown}
 i - 2 potions of resistance {unknown}
 m - 5 potions of curing {unknown}
 s - a potion of ambrosia {unknown}
 z - a potion of mutation {unknown}


   Skills:
 * Level 9.1 Fighting
 * Level 10.5 Axes
 + Level 8.0 Armour
 + Level 8.0 Shields
 + Level 8.1 Invocations


You had 10 spell levels left.
You didn't know any spells.
Your spell library was empty.

Dungeon Overview and Level Annotations

Branches:
Dungeon (12/15)            Temple (1/1) D:4            Lair (0/6) D:8
    Orc (0/2) D:10         Bailey (visited)

Altars:
Ashenzari
Cheibriados
Elyvilon
Fedhas
Gozag
Hepliaklqana
Kikubaaqudgha
Makhleb
Nemelex Xobeh
Okawaru
Ru
Trog
Uskayaw
Vehumet
Wu Jian
Xom
Zin
The Shining One

Shops:
D:7 (   D:10 :

Annotations:
D:10 2 transporters, vurker's ghost, journeyman TeAE
D:12 Rupert


Innate Abilities, Weirdness & Mutations

You are resistant to damage.
You can heal yourself by infusing magical energy.
You passively map the area around you.
You do not regenerate.


Message History

You are too injured to fight recklessly!
You are too injured to fight recklessly!
You are too injured to fight recklessly!
You are too injured to fight recklessly!
You are too injured to fight recklessly!
You are too injured to fight recklessly!
You feel much better. You block something's attack.
A death knight comes into view. It is wielding a +2 battleaxe.
The orc wizard gestures at you while chanting.
The magic dart hits you but does no damage.
The phantasmal warrior hits you. Something hits you!
* * * LOW HITPOINT WARNING * * *
You are electrocuted!!
* * * LOW HITPOINT WARNING * * *
You block the phantasmal warrior's attack.
The death knight shouts!
You block the phantasmal warrior's attack.
Something hits you!
You die...

,, .#######....#....#...... ,
, #....#'####...... * ....,
,, #................ .... ,,
#................ * .....* ,
, #................
.....#+#####...............†
,......p............#####.^.<
, ........)o.........+, #....
, ,
.........z.@.......#,,,#....
, ........).W##+###..# +....
*#..........# , ..# , #....
#..........#,, ,*..#, #.###
,...<.......# ,,* # * #.*
,#..........# * .. *
#........... , ...##########
... , ,, * , ,,, ,


You could see a death knight, a skeletal warrior, a phantasmal warrior and an
orc wizard.

Vanquished Creatures
  A hydra (D:10)
  An orc knight (Bailey)
  A cyclops (D:10)
  Joseph (D:9)
  A centaur skeleton (D:12)
  A troll (D:9)
  2 hornets
  2 hippogriffs
  A shadow (D:10)
  2 wyverns
  5 yaks (D:9)
  5 orc warriors
  2 ice beasts
  3 sky beasts
  A black bear (D:10)
  3 phantoms
  A necrophage (D:7)
  An ogre (D:6)
  5 centaurs
  8 bullfrogs
  A big kobold (D:10)
  5 scorpions
  A troll zombie (D:10)
  6 killer bees
  A howler monkey (D:4)
  A centaur zombie (D:7)
  2 quasits
  7 orc priests
  3 hounds
  3 jellies
  7 orc wizards
  5 iguanas
  12 worker ants
  A killer bee zombie (D:5)
  7 ogre zombies (D:10)
  A hound skeleton (D:4)
  2 hound zombies
  A howler monkey zombie (D:6)
  7 gnolls
  7 adders
  A shadow imp (D:8)
  2 white imps
  An ufetubus (D:6)
  A dart slug (D:5)
  6 leopard geckos
  49 orcs
  3 giant cockroaches
  3 goblins
  4 hobgoblins
  14 jackals
  7 kobolds
  7 quokkas
  2 ball pythons
  A bat (D:1)
  3 goblin skeletons (D:10)
  3 goblin zombies (D:10)
  4 hobgoblin zombies (D:10)
  2 jackal skeletons
  3 leopard gecko skeletons
  2 orc skeletons (D:10)
  13 orc zombies (D:10)
  3 rats (D:1)
261 creatures vanquished.

Notes
Turn   | Place    | Note
-------+----------+-------------------------------------------
     0 | D:1      | Flugslaktarn the Deep Dwarf Fighter began the quest for the
                  | Orb.
     0 | D:1      | Reached XP level 1. HP: 20/20 MP: 1/1
   132 | D:1      | Reached XP level 2. HP: 25/27 MP: 2/2
   381 | D:3      | Reached skill level 3 in Axes
   381 | D:3      | Reached XP level 3. HP: 27/34 MP: 2/2
   387 | D:3      | Reached XP level 4. HP: 25/42 MP: 3/3
   390 | D:4      | Noticed a phantom
   436 | D:4      | Killed a phantom
   436 | D:4      | Reached skill level 4 in Axes
   436 | D:4      | Reached XP level 5. HP: 42/50 MP: 4/4
   493 | D:4      | Found a staircase to the Ecumenical Temple.
   510 | Temple   | Entered the Ecumenical Temple
   602 | Temple   | Became a worshipper of Makhleb the Destroyer
   725 | D:4      | Reached XP level 6. HP: 34/57 MP: 5/5
   728 | D:4      | Reached skill level 1 in Invocations
  1245 | D:5      | Entered Level 5 of the Dungeon
  1272 | D:5      | Reached skill level 5 in Axes
  1272 | D:5      | Reached XP level 7. HP: 36/66 MP: 7/7
  1274 | D:5      | Reached * piety under Makhleb
  1888 | D:5      | Reached skill level 5 in Fighting
  2138 | D:6      | Reached skill level 5 in Shields
  2169 | D:6      | Reached skill level 5 in Armour
  2197 | D:6      | Reached skill level 6 in Axes
  2197 | D:6      | Reached XP level 8. HP: 62/74 MP: 7/7
  2425 | D:6      | Reached ** piety under Makhleb
  2754 | D:7      | Reached skill level 7 in Axes
  2956 | D:7      | Gained mutation: You passively map the area around you.
                  | [Deep Dwarf growth]
  2956 | D:7      | Reached XP level 9. HP: 69/85 MP: 8/8
  3044 | D:7      | Reached skill level 5 in Invocations
  3071 | D:7      | Found Nuoluob's Antique Weapon Boutique.
  3810 | D:8      | Found a staircase to the Lair.
  3897 | D:8      | Reached skill level 8 in Axes
  4482 | D:9      | Reached *** piety under Makhleb
  4484 | D:9      | Noticed a troll
  4525 | D:9      | Noticed Joseph
  4530 | D:9      | Killed a troll
  4530 | D:9      | Reached XP level 10. HP: 43/96 MP: 7/7
  4541 | D:9      | Killed Joseph
  4541 | D:9      | Reached skill level 9 in Axes
  4648 | D:9      | Found a flagged portal.
  4665 | Bailey   | Entered a bailey
  4734 | Bailey   | Noticed an orc knight
  4841 | Bailey   | Noticed an orc knight
  4862 | Bailey   | Noticed an orc knight
  4891 | Bailey   | Killed an orc knight
  4923 | Bailey   | Got a masterwork tower shield
  4984 | Bailey   | Identified the +8 tower shield "Earthly Heaven" {Harm rN++
                  | Dex-3 Stlth+} (You found it in a bailey)
  5063 | D:9      | Reached **** piety under Makhleb
  5135 | D:9      | Found an opulent altar of Gozag.
  5135 | D:9      | Found a shimmering altar of Xom.
  5135 | D:9      | Found a hazy altar of Hepliaklqana.
  5136 | D:9      | Found an ornate altar of the Wu Jian Council.
  5354 | D:10     | Entered Level 10 of the Dungeon
  5354 | D:10     | Found a staircase to the Orcish Mines.
  5354 | D:10     | Noticed a cyclops
  5374 | D:10     | Killed a cyclops
  5383 | D:10     | Reached skill level 10 in Axes
  5414 | D:10     | Noticed a six-headed hydra
  5425 | D:10     | Killed an 11-headed hydra
  5498 | D:10     | Noticed vurker's ghost (journeyman TeAE)
  5499 | D:10     | Found a transporter.
  5524 | D:10     | Found a transporter.
  5596 | D:10     | Reached XP level 11. HP: 82/104 MP: 6/6
  5692 | D:10     | Found Vutam's Book Shoppe.
  6035 | D:11     | Noticed a five-headed hydra
  6050 | D:11     | Noticed a red ugly thing
  6139 | D:12     | Noticed Rupert
  6146 | D:12     | Noticed a phantasmal warrior
  6148 | D:12     | Noticed a skeletal warrior
  6154 | D:12     | Noticed a death knight
  6157 | D:12     | Slain by Rupert

Illustrated notes

Levels and vault maps discovered:
D:1:      lightli_arrival_statue_moat, layout_basic
D:2:      layout_rooms, uniq_crazy_yiuf_cottage
D:3:      layout_loops_ring, minitemple, uniq_grinder, uniq_natasha
D:4:      layout_loops_ring, minmay_temple_entry_ruins, kennysheep_pointless_box
D:5:      layout_gridville
D:6:      lemuel_upstairs_altar, layout_loops_ring, serial_glass,
          glass_columns_b, glass_columns_b, glass_columns_b, glass_columns_b
D:7:      layout_rooms, serial_shops, nicolae_shop_overgrown_old_shop,
          minmay_liquid_box, minmay_small_thing
D:8:      layout_layer_cave, lair_entry_dummy
D:9:      layout_rooms, chequers_temple_overflow_statue_of_worship,
          enter_bailey_7, uniq_joseph
D:10:     layout_loops_cross, zombieorc2_lemuel, serial_shops,
          kennysheep_mini_moat, gammafunk_ghost_arena
D:11:     layout_cave_pools, lightli_orcish_oven
D:12:     layout_irregular_city, corexii_checkpoint_a, minmay_misc_feat_tower,
          corexii_checkpoint_a, uniq_rupert
Temple:   nicolae_temple_great_sept

Skill      XL: |  1  2  3  4  5  6  7  8  9 10 11 |
---------------+----------------------------------+-----
Fighting       | 3 4 5 6 7 8 9 |  9.1
Axes           | 3 4 5 6 7 8 10 | 10.5
Armour         | 4 5 6 7 8 |  8.0
Shields        | 4 5 6 7 8 |  8.0
Invocations    | 2 3 4 6 7 8 |  8.1

Action                   |  1- 3 |  4- 6 |  7- 9 | 10-12 || total
-------------------------+-------+-------+-------+-------++-------
Melee: War axe           |    58 |   108 |   451 |    10 ||   627
       Hand axe          |       |       |       |   300 ||   300
 Abil: Heal Wounds       |     1 |     3 |    15 |    13 ||    32
  Use: Scroll            |       |     1 |     7 |     3 ||    11
Armor: Chain mail        |    35 |    40 |    32 |       ||   107
       Plate armour      |       |       |   263 |   105 ||   368
Dodge: Dodged            |    22 |    16 |   111 |    27 ||   176
Block: Kite shield       |    49 |    73 |   514 |   145 ||   781
       Reflection        |       |       |    22 |     2 ||    24
       Tower shield      |       |       |       |   263 ||   263

Table legend: (Time is in decaauts)
 A = Elapsed time spent in this place.
 B = Non-inter-level travel time spent in this place.
 C = Inter-level travel time spent in this place.
 D = Time resting spent in this place.
 E = Time spent auto-exploring this place.
 F = Levels seen in this place.
 G = Mean time per level.
                   A        B        C        D        E       F      G
               +--------+--------+--------+--------+--------+-----+--------+
         Total |   6295 |   5919 |    376 |      0 |   4013 |  14 |  449.6 |
       Dungeon |   5869 |   5521 |    348 |      0 |   3911 |  12 |  489.1 |
        Temple |    102 |     74 |     28 |      0 |     72 |   1 |  102.0 |
        Bailey |    323 |    323 |      0 |      0 |     30 |   1 |  323.0 |
               +--------+--------+--------+--------+--------+-----+--------+

Top non-repeatable levels by time:
     D:8: 1040 daAuts
     D:5: 881 daAuts
     D:4: 796 daAuts
     D:7: 719 daAuts
    D:10: 671 daAuts
     D:6: 656 daAuts
     D:9: 573 daAuts
  Bailey: 323 daAuts
     D:1: 248 daAuts
     D:3: 148 daAuts
  Temple: 102 daAuts
    D:12: 95 daAuts
    D:11: 22 daAuts
     D:2: 15 daAuts
